 Dungeon Crawl Stone Soup version 0.17.1-3-g152610e (webtiles) character file.

394 Peloso the Shield-Bearer (level 6, -3/56 HPs)
             Began as a Minotaur Fighter on Mar 13, 2016.
             Killed by divine providence
             ... invoked by an orc priest
              (13 damage)
             ... on level 4 of the Dungeon.
             The game lasted 00:08:17 (2552 turns).

Peloso the Shield-Bearer (Minotaur Fighter)         Turns: 2552, Time: 00:08:17

Health: -3/56      AC: 11    Str: 21    XL:     6   Next: 51%
Magic:  5/5        EV:  8    Int:  5    God:
Gold:   170        SH: 12    Dex: 10    Spells: 0 memorised, 5 levels left

rFire  . . .     SeeInvis .     p - +1 falchion (holy)
rCold  . . .     Clarity  .     b - +0 scale mail
rNeg   . . .     SustAt   .     n - +2 shield
rPois  .         Gourm    .     (helmet restricted)
rElec  .         Spirit   .     (no cloak)
rCorr  .         Warding  .     (no gloves)
rMut   .         Stasis   .     (no boots)
MR     .....                    (no amulet)
Stlth  ..........               (no ring)
                                (no ring)

@: not resistant to hostile enchantments, extremely unstealthy
A: retaliatory headbutt, horns 2, rough black scales 1, blurry vision 1,
mutation resistance 1
a: no special abilities


You were on level 4 of the Dungeon.
You were hungry.

You visited 1 branch of the dungeon, and saw 4 of its levels.

You collected 170 gold pieces.

Inventory:

Hand Weapons
 a - a +0 long sword
 h - a cursed -1 flail
 p - a +1 falchion of holy wrath (weapon)
Armour
 b - a +0 scale mail (worn)
 c - a +0 shield
 n - a +2 shield (worn)
Wands
 q - a wand of confusion (31)
Scrolls
 f - 2 scrolls of immolation {unknown}
 g - a scroll of teleportation {unknown}
 i - 2 scrolls of remove curse {unknown}
 j - 2 scrolls of recharging {unknown}
 l - 2 scrolls of identify {unknown}
 s - a scroll of blinking {unknown}
Potions
 m - a potion of heal wounds
 o - a potion of lignification {unknown}
 r - 4 potions of curing
 u - a potion of flight {unknown}
Comestibles
 d - a meat ration
 e - a bread ration
 k - 2 beef jerkies
 t - a chunk of flesh


   Skills:
 + Level 5.2 Fighting
 + Level 4.1 Long Blades
 + Level 5.0 Armour
 + Level 2.5 Dodging
 + Level 0.3 Stealth
 + Level 5.4 Shields


You had 5 spell levels left.
You didn't know any spells.

Dungeon Overview and Level Annotations

Branches:
Dungeon (4/15)
 Temple: D:4-7

Altars:
Dithmenos


Innate Abilities, Weirdness & Mutations

You reflexively headbutt those who attack you in melee.
You have a pair of horns on your head.
You are partially covered in rough black scales (AC +4, Dex -1).
Scrolls take you a little longer to read.
You are somewhat resistant to further mutation.


Message History

You closely miss the orc.
The orc priest looks braver for a moment.
The orc closely misses you. You furiously retaliate!
You headbutt the orc. The orc barely misses you. You furiously retaliate!
You headbutt the orc!
You kill the orc!
You block the orc's attack. x2
The orc barely misses you. You furiously retaliate!
You headbutt the orc.
You kill the orc!
The orc priest hits you with a flail.
There is an escape hatch in the floor here.
Things that are here:
a mace of protection; an orc corpse The orc priest calls upon Beogh to heal something.
The orc priest mumbles some strange prayers to Beogh against you.
Something smites you!
* * * LOW HITPOINT WARNING * * *
The orc completely misses you.
The orc priest calls down the wrath of Beogh upon you.
Something smites you!
You die...

......# #.#############
......# #.............#
...).o###.###########.#
....o###oo# #.#
....#oo.#.# #.########
...o.#.##.######
#........#
.......##.oo.o.#
#.######.#
##.....####.#..######.#
#.......
#.###o.@.....###
........ ##
#..######<..# #.......#
#.#.# ###.# ##.....##
#...# #.# ##...## ##..#
#.# #... #.# ...# #.#
... #.# #..


You could see 2 orc priests and 2 orcs.

Vanquished Creatures
  The ghost of Asagix the Skirmisher, an amateur HuBe of Trog (D:3)
  Natasha (twice) (D:3)
  A worker ant (D:3)
  Robin (D:2)
  4 adders
  2 oozes (D:2)
  2 worms
  4 giant geckos
  2 orcs (D:4)
  3 giant cockroaches
  20 goblins
  6 hobgoblins
  A jackal (D:3)
  A quokka (D:3)
  6 bats
  A giant newt (D:2)
  8 kobolds
  11 rats
76 creatures vanquished.

Notes
Turn   | Place    | Note
--------------------------------------------------------------
     0 | D:1      | Peloso the Minotaur Fighter began the quest for the Orb.
     0 | D:1      | Reached XP level 1. HP: 19/19 MP: 0/0
   418 | D:1      | Reached XP level 2. HP: 27/27 MP: 1/1
   426 | D:1      | You fall through a shaft!
   456 | D:2      | Noticed Robin
   472 | D:2      | Reached skill level 4 in Armour
   499 | D:2      | Killed Robin
   511 | D:2      | Reached XP level 3. HP: 28/33 MP: 2/2
  1014 | D:2      | Reached XP level 4. HP: 41/41 MP: 3/3
  1277 | D:3      | Noticed Asagix's ghost (amateur HuBe)
  1286 | D:2      | Reached skill level 1 in Dodging
  1800 | D:3      | Killed Asagix's ghost
  1800 | D:3      | Reached skill level 5 in Fighting
  1800 | D:3      | Reached skill level 5 in Shields
  1800 | D:3      | Reached XP level 5. HP: 33/48 MP: 4/4
  1800 | D:3      | Reached XP level 6. HP: 38/56 MP: 5/5
  1809 | D:3      | Gained mutation: Scrolls take you a little longer to read. [potion of mutation]
  1809 | D:3      | Gained mutation: You are partially covered in rough black scales (AC +4, Dex -1). [potion of mutation]
  1809 | D:3      | Gained mutation: You are somewhat resistant to further mutation. [potion of mutation]
  2168 | D:3      | Found a shadowy altar of Dithmenos.
  2169 | D:3      | Noticed Natasha
  2173 | D:3      | Killed Natasha
  2173 | D:3      | Reached skill level 5 in Armour
  2459 | D:3      | Noticed Natasha
  2465 | D:3      | Killed Natasha
  2552 | D:4      | Killed from afar by an orc priest

Action                   |  1- 3 |  4- 6 || total
-------------------------+-------+-------++-------
Melee: Long sword        |   101 |       ||   101
       Falchion          |     3 |   112 ||   115
  Use: Potion            |       |     5 ||     5
  Eat: Chunk             |     1 |     4 ||     5
